 Dungeon Crawl Stone Soup version 0.30-a0-639-g3916f1956a (webtiles) character file.

Game seed: 16531138551798074289

70 ryw the Trooper (level 4, -3/29 HPs)
             Began as a Gargoyle Fighter on Jan 17, 2023.
             Slain by an orc priest
             ... wielding a +0 war axe of freezing
              (4 damage)
             ... on level 3 of the Dungeon.
             The game lasted 00:01:49 (1412 turns).

ryw the Trooper (Gargoyle Fighter)                  Turns: 1412, Time: 00:01:50

Health: -3/29      AC: 10    Str: 21    XL:     4   Next: 22%
Magic:  4/4        EV:  9    Int:  9    God:
Gold:   114        SH:  4    Dex:  9    Spells: 3/3 levels left

rFire   . . .      SeeInvis .    a - +0 war axe
rCold   . . .      Faith    .    c - +0 buckler
rNeg    + . .      Spirit   .    b - +0 scale mail
rPois   ∞          Reflect  .    (no helmet)
rElec   +          Harm     .    (no cloak)
rCorr   .          Rampage  .    (no gloves)
Will    .....                    (no boots) Stlth
                                 (no amulet)
HPRegen 0.24/turn                (no ring)
MPRegen 0.09/turn                (no ring)

@: mighty
A: sickness immunity, AC +3, negative energy resistance 1, electricity
resistance, torment resistance 1, petrification resistance
a: no special abilities


You were on level 3 of the Dungeon.
You visited 1 branch of the dungeon, and saw 3 of its levels.

You collected 114 gold pieces.

Inventory:

Hand Weapons
 a - a +0 war axe (weapon)
Missiles
 m - 4 boomerangs (quivered)
Armour
 b - a +0 scale mail (worn)
 c - a +0 buckler (worn)
Scrolls
 g - 4 scrolls of teleportation {unknown}
 i - a scroll of immolation {unknown}
Potions
 d - a potion of might
 e - 2 potions of curing {unknown}
 f - a potion of heal wounds {unknown}
 h - 2 potions of attraction {unknown}
 j - a potion of brilliance {unknown}
 k - 2 potions of mutation {unknown}
 l - 2 potions of flight {unknown}
 n - a potion of resistance {unknown}


   Skills:
 + Level 3.7 Fighting
 * Level 2.7 Axes
 + Level 3.6 Armour
 + Level 1.0 Dodging
 + Level 3.7 Shields


You had 3 spell levels left.
You didn't know any spells.
Your spell library was empty.

Dungeon Overview and Level Annotations

Branches:
Dungeon (3/15)

Altars:

Annotations:
D:3 Pargi


Innate Abilities, Weirdness & Mutations

You are immune to sickness and miasma.
Your stone body is resilient. (AC +3)
You are immune to poison.
You resist negative energy. (rN+)
You are resistant to electric shocks. (rElec)
You are resistant to unholy torment.
You are immune to petrification.


Message History

You barely miss the goblin.
The goblin hits you but does no damage. x2
You closely miss the goblin. You block the goblin's attack.
You closely miss the goblin. The goblin closely misses you.
The goblin barely misses you.
You barely miss the goblin. The goblin barely misses you.
You hit the goblin.
You kill the goblin!
Your Dodging skill increases to level 1!
You closely miss the orc. You block the orc's attack. x2
You barely miss the orc. The orc hits you with a +0 hand axe.
You slash the orc!
You kill the orc!
You block the orc's attack.
You hit the orc.
The orc is moderately wounded.
The orc hits you but does no damage.
You hit the orc.
You kill the orc!
You barely miss the orc. The orc hits you with a +1 heavy mace!
You barely miss the orc. The orc barely misses you.
You barely miss the orc. The orc hits you with a +1 heavy mace!
You barely miss the orc. The orc hits you with a +1 heavy mace!
* * * LOW HITPOINT WARNING * * *
You hit the orc.
The orc is moderately wounded.
The orc hits you but does no damage.
You feel very mighty all of a sudden. The orc hits you but does no damage.
You closely miss the orc.
The orc is moderately wounded.
The orc priest calls upon Beogh to heal the orc.
The orc's wounds heal themselves!
The orc hits you but does no damage.
You barely miss the orc. You block the orc's attack.
You barely miss the orc. You slash the orc!
You kill the orc!
The orc priest hits you with a +0 war axe of freezing!
* * * LOW HITPOINT WARNING * * *
The orc priest freezes you.
You die...

###
...$.#####
#.>.o@.#
#..###.###.#
#.. #.....#
#..###.#####
#......#
#.##.### #.#
#.# #.# #.#
#.#
#.#######.#


You could see an orc priest.

Vanquished Creatures
  An adder (D:2)
  A dart slug (D:1)
  3 orcs (D:3)
  5 endoplasms
  3 giant cockroaches (D:1)
  4 hobgoblins
  3 kobolds
  4 quokkas
  10 ball pythons
  2 bats (D:1)
  2 frilled lizards (D:1)
  9 goblins
  4 rats
51 creatures vanquished.

Notes
Turn   | Place    | Note
-------+----------+-------------------------------------------
     0 | D:1      | ryw the Gargoyle Fighter began the quest for the Orb.
     0 | D:1      | Reached XP level 1. HP: 14/14 MP: 1/1
   108 | D:1      | Reached XP level 2. HP: 19/19 MP: 2/2
   207 | D:1      | Reached XP level 3. HP: 20/23 MP: 3/3
  1249 | D:3      | Noticed Pargi
  1310 | D:2      | Reached XP level 4. HP: 24/29 MP: 4/4
  1398 | D:3      | Reached skill level 1 in Dodging
  1412 | D:3      | HP: 1/29 [orc priest/+0 war axe of freezing (7)]
  1412 | D:3      | Slain by an orc priest

Illustrated notes

Levels and vault maps discovered:
D:1:      psy_arrival_heroes, layout_rooms, minmay_bisected
D:2:      layout_basic, minivault_25
D:3:      minmay_angry_zag, layout_loops_ring, uniq_pargi, uniq_robin

Skill      XL: |  1  2  3  4 |
---------------+-------------+-----
Axes           | 2 |  2.7
Dodging        | 1 |  1.0
Fighting       | |  3.7
Armour         | |  3.6
Shields        | |  3.7

Action                   |  1- 3 |  4- 6 || total
-------------------------+-------+-------++-------
Melee: War axe           |   119 |    25 ||   144
  Use: Potion            |       |     1 ||     1
Armor: Scale mail        |    70 |    11 ||    81
Dodge: Dodged            |    53 |     6 ||    59
Block: Buckler           |    25 |     6 ||    31

Table legend: (Time is in decaauts)
 A = Elapsed time spent in this place.
 B = Non-inter-level travel time spent in this place.
 C = Inter-level travel time spent in this place.
 D = Time resting spent in this place.
 E = Time spent auto-exploring this place.
 F = Levels seen in this place.
 G = Mean time per level.
                   A        B        C        D        E       F      G
               +--------+--------+--------+--------+--------+-----+--------+
         Total |   1471 |   1366 |    105 |     76 |    948 |   3 |  490.3 |
       Dungeon |   1471 |   1366 |    105 |     76 |    948 |   3 |  490.3 |
               +--------+--------+--------+--------+--------+-----+--------+

Top non-repeatable levels by time:
     D:2: 741 daAuts
     D:1: 664 daAuts
     D:3: 66 daAuts
